 Dungeon Crawl Stone Soup version 0.30-a0-722-g3e6e8c874d (webtiles) character file.

Game seed: 9097171202816693185

1883 Bnni the Jinx (level 9, -3/66 HPs)
             Began as a Formicid Hexslinger on Jan 28, 2023.
             Was an Initiate of Dithmenos.
             Shot with an arrow by a centaur (14 damage)
             ... on level 6 of the Dungeon.
             The game lasted 00:17:13 (5132 turns).

Bnni the Jinx (Formicid Hexslinger)                 Turns: 5132, Time: 00:17:14

Health: -3/66      AC:  3    Str: 16    XL:     9   Next: 36%
Magic:  9/13       EV: 12    Int: 14    God:    Dithmenos [......]
Gold:   217        SH:  6    Dex: 22    Spells: 3/14 levels left

rFire   + + .      SeeInvis +    o - +0 sling (flame)
rCold   x . .      Faith    .    r - +0 buckler
rNeg    + . .      Spirit   .    c - +0 robe
rPois   .          Reflect  .    (helmet unavailable)
rElec   .          Harm     .    p - +0 cloak
rCorr   .          Rampage  .    (no gloves)
Will    .....                    (no boots)
Stlth   ++                       (no amulet)
HPRegen 0.31/turn                l - ring of Unken {rF+ rN+ Dex+6}
MPRegen 0.13/turn                u - ring of fire

@: no status effects
A: permanent stasis, dig shafts and tunnels, antennae 3, four strong arms
a: Dig, Shaft Self, Renounce Religion


You were on level 6 of the Dungeon.
You worshipped Dithmenos.
Dithmenos was noncommittal.
You visited 2 branches of the dungeon, and saw 7 of its levels.

You collected 277 gold pieces.
You spent 60 gold pieces at shops.

Inventory:

Hand Weapons
 i - a +1 dagger of venom
 o - a +0 sling of flaming (weapon)
Missiles
 v - 6 poisoned darts
 B - a throwing net
Armour
 c - a +0 robe (worn)
 p - a +0 cloak (worn)
 r - a +0 buckler (worn)
Jewellery
 l - the ring of Unken (left hand) {rF+ rN+ Dex+6}
   (You found it on level 2 of the Dungeon)

   [ring of dexterity]

   Dex:       It affects your dexterity (+6).
   rF:        It protects you from fire.
   rN:        It protects you from negative energy.
 q - a ring of flight
 u - a ring of fire (right hand)
Wands
 x - a wand of flame (24)
 y - a wand of mindburst (5)
Scrolls
 a - 2 scrolls of magic mapping {unknown}
 b - a scroll of poison
 e - 2 scrolls of summoning {unknown}
 h - a scroll of fog {unknown}
 w - a scroll of acquirement {unknown}
 z - a scroll of silence {unknown}
 C - a scroll of immolation {unknown}
Potions
 d - a potion of mutation
 f - 6 potions of curing {unknown}
 n - a potion of lignification {unknown}
 s - a potion of heal wounds
 t - a potion of flight {unknown}
 A - a potion of brilliance {unknown}


   Skills:
 + Level 4.7 Fighting
 * Level 6.4 Ranged Weapons
 - Level 1.7 Dodging
 - Level 4.0 Shields
 - Level 3.0 Spellcasting
 * Level 8.1 Hexes
 + Level 2.5 Translocations
 - Level 3.0 Fire Magic


You had 3 spell levels left.
You knew the following spells:

 Your Spells              Type           Power      Damage    Failure   Level
a - Slow                  Hex            100%       N/A       1%          1
b - Inner Flame           Hex/Fire       26%        N/A       8%          3
c - Portal Projectile     Hex/Tloc       34%        N/A       9%          3
d - Cause Fear            Hex            12%        N/A       9%          4

Your spell library contained the following spells:

 Spells                   Type           Power      Damage    Failure   Level
 Dazzling Flash           Conj/Hex       26%        N/A       14%         3
 Silence                  Hex/Air        6%         N/A       80%         5
 Agony                    Necr           2%         N/A       100%        5


Dungeon Overview and Level Annotations

Branches:
Dungeon (6/15)             Temple (1/1) D:5

Altars:
Cheibriados
Dithmenos
Elyvilon
Fedhas
Gozag
Hepliaklqana
Kikubaaqudgha
Nemelex Xobeh
Qazlal
Ru
Trog
Xom
The Shining One

Shops:
D:2 (   D:4 *((=!


Innate Abilities, Weirdness & Mutations

You cannot be hasted, slowed, berserked, paralysed or teleported.
You can dig through walls and to a lower floor.
You have a pair of large antennae on your head. (SInv)
Your four strong arms can wield two-handed weapons with a shield.


Message History

Flame seeps out of the gnoll bouda.
The sling bullet burns the gnoll bouda.
Flame seeps out of the gnoll bouda.
The gnoll bouda is severely wounded.
The gnoll hits you from afar with a +0 spear. x2
The gnoll bouda is engulfed in blazing flames.
Dithmenos accepts your kill.
The gnoll bouda explodes!
The fiery explosion engulfs you! You resist.
The fiery explosion engulfs the gnoll!!
You kill the gnoll!
Dithmenos accepts your kill.
The fiery explosion engulfs the gnoll!!!
You kill the gnoll!
Dithmenos accepts your kill.
You hear a shout!
The centaur wields a +0 shortbow.
The centaur shoots an arrow.
The arrow closely misses you.
Casting: Inner Flame (dangerous; 8% risk of failure)
Confirm with . or Enter, or press ? or * to list all spells.
Aiming: Inner Flame (dangerous; 8% risk of failure)
Press: ? - help, Dir - move target, f - centaur
Aim: a centaur, wielding a +0 shortbow (chance to affect: 81%)
You feel a surge of power!
The centaur is filled with an inner flame.
The centaur shoots an arrow.
The arrow barely misses you.
The centaur shoots an arrow.
The arrow hits you!
The centaur shoots an arrow.
The arrow hits you!
* * * LOW HITPOINT WARNING * * *
The centaur shoots an arrow.
You block the arrow.
Fire: o) +0 sling (flame)
Press: ? - help, Shift-Dir - straight line, f/p - centaur
Aim: a centaur, wielding a +0 shortbow (inner flame, 76% to hit)
You shoot a sling bullet. The sling bullet hits the centaur.
Flame seeps out of the centaur.
The sling bullet burns the centaur.
Flame seeps out of the centaur.
The centaur is lightly wounded.
The centaur is engulfed in blazing flames.
Flame seeps out of the centaur.
The centaur shoots an arrow.
The arrow hits you!
You die...

##.## #.#.#.#.## #)..#
##+#'#....# #...#
#.........# ##
#...####.......###.#
.#####...'(.#...........#
.....>...##.#............#
.........##.##'#'#########
.........##.##<#.#..
.........##.##.#@#.#
.........##.##.#.#.#
.......####.##.#.#.#
.......# #....#.#.#####
.####### ######.#.....# .#
#.c{.##.# ####.## #..{..#
#...{.#


You could see a centaur (inner flame).

Vanquished Creatures
  The ghost of DeathSun the Spear-Bearer, a novice MiFi (D:5)
  3 ice beasts
  2 black bears (D:5)
  2 ogres
  2 phantoms
  A scorpion (D:5)
  2 howler monkeys (D:5)
  3 jellies
  A gnoll bouda (D:6)
  3 hounds
  An iguana (D:5)
  2 orc wizards
  9 adders
  10 gnolls
  A white imp (D:5)
  2 worms
  2 dart slugs
  7 orcs
  6 bats
  4 endoplasms
  6 giant cockroaches
  4 goblins
  7 hobgoblins
  13 jackals
  5 kobolds
  2 quokkas
  6 ball pythons
  2 frilled lizards
  4 rats
  A bush (D:4)
114 creatures vanquished.

Vanquished Creatures (others)
  A plant (D:4)
1 creature vanquished.

Grand Total: 115 creatures vanquished

Notes
Turn   | Place    | Note
-------+----------+-------------------------------------------
     0 | D:1      | Bnni the Formicid Hexslinger began the quest for the Orb.
     0 | D:1      | Reached XP level 1. HP: 15/15 MP: 2/2
    72 | D:1      | Reached XP level 2. HP: 21/21 MP: 3/3
   430 | D:1      | Reached skill level 4 in Hexes
   507 | D:1      | Reached XP level 3. HP: 26/26 MP: 5/5
   512 | D:1      | Reached skill level 1 in Fire Magic
   516 | D:1      | Learned a level 3 spell: Inner Flame
  1054 | D:2      | Found a snail-covered altar of Cheibriados.
  1118 | D:2      | Identified the ring of Unken {rF+ rN+ Dex+6}
  1172 | D:2      | Found Ziomapsu's Weapon Shop.
  1237 | D:2      | Reached XP level 4. HP: 22/32 MP: 6/6
  2005 | D:3      | Reached XP level 5. HP: 36/38 MP: 7/7
  2342 | D:4      | Noticed an ogre
  2399 | D:3      | Killed an ogre
  2400 | D:3      | Reached XP level 6. HP: 9/44 MP: 1/9
  2591 | D:4      | Reached skill level 1 in Shields
  2615 | D:4      | Found Nifraq's Distillery.
  2618 | D:4      | Bought a potion of heal wounds for 60 gold pieces
  2701 | D:4      | Learned a level 4 spell: Cause Fear
  2794 | D:4      | Reached skill level 5 in Hexes
  2801 | D:4      | Found Lufaejed's General Store.
  2863 | D:4      | Found a large runed translucent door.
  2864 | D:4      | Found a large runed translucent door.
  3004 | D:4      | Found a blossoming altar of Fedhas.
  3009 | D:4      | Found a bloodstained altar of Trog.
  3052 | D:4      | Found Ykiappue's Weapon Emporium.
  3064 | D:4      | Found Lakyxuv's Jewellery Shop.
  3157 | D:4      | Found Daicuwisuunt's Antique Weapon Boutique.
  3357 | D:5      | Entered Level 5 of the Dungeon
  3357 | D:5      | Noticed an ice beast
  3369 | D:4      | Killed an ice beast
  3370 | D:4      | Reached XP level 7. HP: 48/51 MP: 3/10
  3803 | D:5      | Found a staircase to the Ecumenical Temple.
  3823 | Temple   | Entered the Ecumenical Temple
  3838 | Temple   | Became a worshipper of Dithmenos the Shadowed
  3899 | D:5      | Found a transporter.
  3899 | D:5      | Noticed DeathSun's ghost (novice MiFi)
  3901 | D:5      | Found a transporter.
  4029 | D:5      | Reached skill level 6 in Hexes
  4029 | D:5      | Reached XP level 8. HP: 27/58 MP: 8/12
  4033 | D:5      | Learned a level 3 spell: Portal Projectile
  4763 | D:5      | Killed DeathSun's ghost
  4764 | D:5      | Reached skill level 5 in Ranged Weapons
  4764 | D:5      | Reached skill level 7 in Hexes
  4764 | D:5      | Reached XP level 9. HP: 30/66 MP: 3/13
  5038 | D:6      | Reached skill level 8 in Hexes
  5132 | D:6      | Shot with an arrow by a centaur

Illustrated notes

Levels and vault maps discovered:
D:1:      wander_arrival_estate, layout_loops_ring, grunt_decor_cap
D:2:      minmay_general_purpose_star, layout_loops_ring, serial_shops,
          nicolae_shop_competitors_out_of_business, basic_altar,
          minmay_misc_feat_four_crosses
D:3:      layout_basic
D:4:      layout_rooms, jmf_multi_god_temple2, serial_shops,
          nicolae_shop_window_shopping, nicolae_shop_bloodbath_and_beyond,
          nicolae_shop_behind_doors, shop, nicolae_shop_hallway_plus,
          serial_forest, infiniplex_forest_end_2,
          infiniplex_forest_clump_diagonal, infiniplex_forest_clump_diagonal,
          infiniplex_forest_clump_small, glass_columns_a
D:5:      layout_gridville, minmay_temple_entry_water_ring,
          gammafunk_ghost_arena, grunt_decor_resistance, minivault_1
D:6:      layout_basic, gammafunk_temple_overflow_pools,
          nicolae_wu_jian_wuxing_cycle
Temple:   hellmonk_temple_of_storms

Skill      XL: |  1  2  3  4  5  6  7  8  9 |
---------------+----------------------------+-----
Hexes          | 4 5 6 7 8 |  8.1
Fire Magic     | 1 2 3 |  3.0
Fighting       | 2 3 4 |  4.7
Ranged Weapons | 3 4 5 6 |  6.4
Spellcasting   | 2 3 |  3.0
Shields        | 2 3 4 |  4.0
Translocations | 2 |  2.5
Dodging        | |  1.7

Action                     |  1- 3 |  4- 6 |  7- 9 || total
---------------------------+-------+-------+-------++-------
  Melee: Dagger            |    12 |     7 |       ||    19
   Fire: Sling             |    92 |   226 |   128 ||   446
   Cast: Slow              |     4 |     6 |     1 ||    11
         Inner Flame       |       |     5 |    16 ||    21
Ability: Dig               |       |       |     2 ||     2
    Use: Scroll            |       |       |     4 ||     4
   Stab: Sleeping          |     1 |     1 |       ||     2
 Armour: Robe              |    19 |    19 |     6 ||    44
  Dodge: Dodged            |    67 |    36 |    29 ||   132
  Block: Buckler           |       |    11 |    20 ||    31

Table legend: (Time is in decaauts)
 A = Elapsed time spent in this place.
 B = Non-inter-level travel time spent in this place.
 C = Inter-level travel time spent in this place.
 D = Time resting spent in this place.
 E = Time spent auto-exploring this place.
 F = Levels seen in this place.
 G = Mean time per level.
                   A        B        C        D        E       F      G
               +--------+--------+--------+--------+--------+-----+--------+
         Total |   5242 |   4940 |    302 |    566 |   3269 |   7 |  748.9 |
       Dungeon |   5212 |   4924 |    288 |    566 |   3269 |   6 |  868.7 |
        Temple |     30 |     16 |     14 |      0 |      0 |   1 |   30.0 |
               +--------+--------+--------+--------+--------+-----+--------+

Top non-repeatable levels by time:
     D:5: 1358 daAuts
     D:4: 1041 daAuts
     D:3: 972 daAuts
     D:2: 861 daAuts
     D:1: 761 daAuts
     D:6: 216 daAuts
  Temple: 30 daAuts
